 Dungeon Crawl Stone Soup version 0.31.0-12-g77e489cdc1 (webtiles) character file.

Game seed: 10779429882909608583

254 Silvore the Trooper (level 5, -7/42 HPs)
             Began as a Demonspawn Fighter on Feb 12, 2024.
             Incinerated by a bombardier beetle (8 damage)
             ... with a burning spray
             ... on level 4 of the Dungeon.
             The game lasted 00:03:03 (2637 turns).

Silvore the Trooper (Demonspawn Fighter)            Turns: 2637, Time: 00:03:04

Health: -7/42      AC: 12    Str: 18    XL:     5   Next: 90%
Magic:  5/5        EV:  5    Int:  9    God:
Gold:   99         SH:  4    Dex: 12    Spells: 4/4 levels left

rFire   . . .        a - +0 long sword
rCold   . . .        c - +0 buckler
rNeg    . . .        g - +0 plate armour
rPois   .            (no helmet)
rElec   .            (no cloak)
rCorr   .            m - +0 pair of gloves
SInv    .            (no boots)
Will    .....        (no amulet) Stlth
                     (no ring)
HPRegen 0.27/turn    (no ring)
MPRegen 0.09/turn

%: no passive effects
@: on fire, glowing
A: powered by pain 1, weakness stinger 1
a: no special abilities


You were on level 4 of the Dungeon.
You visited 1 branch of the dungeon, and saw 4 of its levels.

You collected 99 gold pieces.

Inventory:

Hand Weapons
 a - a +0 long sword (weapon)
Armour
 b - a +0 scale mail
 c - a +0 buckler (worn)
 g - a +0 plate armour (worn)
 m - a +0 pair of gloves (worn)
Wands
 j - a wand of flame (5)
Scrolls
 h - 3 scrolls of amnesia
 i - 2 scrolls of identify
 k - a scroll of noise {unknown}
Potions
 d - 2 potions of might
 e - a potion of attraction {unknown}
 f - 2 potions of degeneration
 l - a potion of brilliance {unknown}


   Skills:
 + Level 3.9 Fighting
 + Level 3.9 Long Blades
 + Level 3.7 Armour
 + Level 0.6 Dodging
 + Level 0.2 Stealth
 + Level 3.1 Shields


You had 4 spell levels left.
You didn't know any spells.
Your spell library contained the following spells:

 Spells                   Type           Power      Damage    Failure   Level
 Olgreb's Toxic Radiance  Alch           0%         N/A       100%        4
 Ozocubu's Refrigeration  Ice            0%         4d7       100%        7
 Discord                  Hex            0%         N/A       100%        8


Dungeon Overview and Level Annotations

Branches:
Dungeon (4/15)
 Temple: D:4-7

Altars:
Cheibriados
Dithmenos
Wu Jian
Yredelemnul

Annotations:
D:3 2 transporters


Innate Abilities, Weirdness & Mutations

You sometimes gain a little power by taking damage.
You have a small tail.


Message History

The bombardier beetle sprays incendiary fluid at you.
The burning spray hits you.
You are even more covered in liquid fire!
Unknown command.
You hit the bombardier beetle.
The bombardier beetle is almost dead.
The liquid fire burns you!
The bombardier beetle sprays incendiary fluid at you.
The burning spray hits you.
You are even more covered in liquid fire!
You barely miss the bombardier beetle.
You tail-slap the bombardier beetle, but do no damage.
The bombardier beetle is almost dead.
The liquid fire burns you!
The bombardier beetle sprays incendiary fluid at you.
The burning spray hits you.
You are even more covered in liquid fire!
You barely miss the bombardier beetle.
The bombardier beetle is almost dead.
The liquid fire burns you!
* * * LOW HITPOINT WARNING * * *
An endoplasm comes into view.
The endoplasm quivers.
You hit the bombardier beetle but do no damage.
The bombardier beetle is almost dead.
The liquid fire burns you!
* * * LOW HITPOINT WARNING * * *
The bombardier beetle sprays incendiary fluid at you.
The burning spray hits you.
You are even more covered in liquid fire!
You barely miss the bombardier beetle.
The bombardier beetle is almost dead.
The liquid fire burns you!
* * * LOW HITPOINT WARNING * * *
The bombardier beetle bites you.
* * * LOW HITPOINT WARNING * * *
You barely miss the bombardier beetle.
The bombardier beetle is almost dead.
The liquid fire burns you!
You die...

# #..#........
#######...........
................. .
...................
#...<......# ...
#..........#....
#...............
...............#
...........@B..##
..###..^.......# .
........$.......
.>...............
.....J........#..
.............## .
............#
...##.....≈≈


You could see a bombardier beetle and an endoplasm.

Vanquished Creatures
  Sigmund (D:3)
  Robin (D:2)
  2 adders (D:3)
  3 ribbon worms
  An orc (D:3)
  8 endoplasms
  15 goblins
  7 hobgoblins
  3 kobolds
  2 quokkas (D:1)
  5 ball pythons
  3 bats
  2 frilled lizards
  4 rats
57 creatures vanquished.

Notes
Turn   | Place    | Note
-------+----------+-------------------------------------------
     0 | D:1      | Silvore the Demonspawn Fighter began the quest for the Orb.
     0 | D:1      | Reached XP level 1. HP: 18/18 MP: 1/1
   343 | D:1      | Gained mutation: You have a small tail. [demonic ancestry]
   343 | D:1      | Reached XP level 2. HP: 24/24 MP: 2/2
   846 | D:1      | Found a faded altar of an unknown god.
  1147 | D:2      | Gained mutation: You sometimes gain a little power by
                  | taking damage. [demonic ancestry]
  1147 | D:2      | Reached XP level 3. HP: 27/29 MP: 3/3
  1167 | D:2      | Noticed Robin
  1195 | D:2      | Killed Robin
  1529 | D:3      | Found an ornate altar of the Wu Jian Council.
  1531 | D:3      | Found a shadowy altar of Dithmenos.
  1532 | D:3      | Noticed Sigmund
  1618 | D:3      | Killed Sigmund
  1619 | D:3      | Reached XP level 4. HP: 29/37 MP: 4/4
  1619 | D:3      | Reached XP level 5. HP: 33/42 MP: 5/5
  1997 | D:3      | Found a snail-covered altar of Cheibriados.
  2054 | D:3      | Found a transporter.
  2123 | D:3      | Found a transporter.
  2252 | D:3      | Found a basalt altar of Yredelemnul.
  2636 | D:4      | HP: 2/42 [burnt (5)]
  2637 | D:4      | Incinerated by a bombardier beetle

Illustrated notes

Levels and vault maps discovered:
D:1:      ebering_hopf_link, layout_loops_ring, shapermc_ecumenical_altar_petra,
          st_stairs_13
D:2:      layout_basic, hex_intersection, uniq_robin
D:3:      gammafunk_wand_slinger, layout_loops_cross, chei_slow_surprise,
          mainiacjoe_overflow_concentric_impassable, grunt_temple_overflow_open,
          uniq_sigmund
D:4:      layout_cave_pools, kennysheep_mini_moat, lemuel_doored_altar,
          gup_sewer_entry_glass, hellmonk_no_cap, uniq_eustachio, uniq_ijyb

Skill      XL: |  1  2  3 |
---------------+----------+-----
Long Blades    | 2 3 |  3.9
Armour         | 3 |  3.7
Shields        | 3 |  3.1
Fighting       | |  3.9
Dodging        | |  0.6
Stealth        | |  0.2

Action                     |  1- 3 |  4- 6 || total
---------------------------+-------+-------++-------
  Melee: Long sword        |   133 |    73 ||   206
         Tailslap          |    13 |     8 ||    21
    Use: Scroll            |     6 |     1 ||     7
         Potion            |     1 |       ||     1
 Armour: Scale mail        |    25 |       ||    25
         Plate armour      |    88 |    56 ||   144
  Dodge: Dodged            |    40 |    17 ||    57
  Block: Buckler           |    22 |    12 ||    34
